 Dungeon Crawl Stone Soup version 0.17-a0-1685-g57e755e (webtiles) character file.

43 KINGKRU the Poker (level 3, -1/28 HPs)
             Began as a Demonspawn Gladiator on Aug 19, 2015.
             Slain by Sigmund
             ... wielding a +0 scythe
              (12 damage)
             ... on level 2 of the Dungeon.
             The game lasted 00:04:40 (1974 turns).

KINGKRU the Poker (Demonspawn Gladiator)            Turns: 1974, Time: 00:04:40

Health: -1/28      AC:  5    Str: 15    XL:     3   Next: 37%
Magic:  3/3        EV: 13    Int:  9    God:
Gold:   38         SH:  0    Dex: 14    Spells: 0 memorised, 2 levels left

rFire  . . .     SeeInvis .     a - +0 trident
rCold  . . .     Clarity  .     b - +0 leather armour
rNeg   . . .     SustAt   .     (no shield)
rPois  .         Gourm    .     c - +0 helmet
rElec  .         Spirit   .     (no cloak)
rCorr  .         Warding  .     (no gloves)
rMut   .         Stasis   .     (no boots)
MR     .....                    (no amulet)
Stlth  +.........               (no ring)
                                (no ring)

@: not resistant to hostile enchantments, very unstealthy
A: talons 1, rugged brown scales 1
a: no special abilities


You were on level 2 of the Dungeon.
You were not hungry.

You visited 1 branch of the dungeon, and saw 2 of its levels.

You collected 38 gold pieces.

Inventory:

Hand weapons
 a - a +0 trident (weapon)
Missiles
 d - 3 throwing nets (quivered)
Armour
 b - a +0 leather armour (worn)
 c - a +0 helmet (worn)
Scrolls
 g - 3 scrolls of remove curse {unknown}
 i - 2 scrolls of teleportation {unknown}
 j - a scroll of identify {unknown}
 m - a scroll of fear {unknown}
 o - a scroll of fog {unknown}
Potions
 f - a potion of degeneration {unknown}
 h - 2 potions of resistance {unknown}
 k - a potion of heal wounds {unknown}
 l - a potion of cancellation {unknown}
 n - a potion of poison {unknown}
Comestibles
 p - a slice of pizza


   Skills:
 + Level 2.4 Fighting
 + Level 3.1 Polearms
 + Level 2.1 Throwing
 + Level 0.5 Armour
 + Level 3.1 Dodging


You had 2 spell levels left.
You didn't know any spells.

Dungeon Overview and Level Annotations

Branches:
Dungeon (2/15)

Altars:

Annotations:
D:2 Sigmund


Innate Abilities, Weirdness & Mutations

You have sharp toenails.
You are partially covered in rugged brown scales (AC +1, +3% HP).


Message History

You puncture Sigmund! Your kick misses Sigmund.
Sigmund is heavily wounded.
Sigmund barely misses you.
You closely miss Sigmund. You claw Sigmund, but do no damage.
Sigmund is heavily wounded.
Sigmund gestures wildly while chanting.
Sigmund flickers and vanishes!
Deactivating autopickup; reactivate with Ctrl-A.
You closely miss something. Your kick misses something.
Something barely misses you.
You hit something. Your kick misses something. Something barely misses you.
You barely miss something. You completely miss something.
Your kick misses something.
You hear some strange, mumbled words.
A magic dart appears from out of thin air!
The magic dart hits you! Something hits you but does no damage.
You hit something but do no damage. You claw something. You miss something.
Something hits you!
You completely miss something. You claw something. Something hits you!
You die...

#.#.# #.#.# #.#.# ######
####.#.# ..... ..#.#.#
... #.#.#.#
######.########.#.#.####
........................
#####.{@.##########.####
# #..#........ ...# .#
#..############## .# #..
###### .... ##. #.....
.#.# .. #.#### #.# # #.
#.#..# .#.# .## #.
#....# .#.##..# ###.##


There were no monsters in sight!

Vanquished Creatures
  An adder (D:2)
  2 worms (D:2)
  A giant gecko (D:1)
  3 giant cockroaches
  3 goblins
  2 hobgoblins (D:1)
  8 jackals
  A ball python (D:2)
  3 bats
  A giant newt (D:1)
  A rat (D:1)
26 creatures vanquished.

Notes
Turn   | Place    | Note
--------------------------------------------------------------
     0 | D:1      | KINGKRU the Demonspawn Gladiator began the quest for the Orb.
     0 | D:1      | Reached XP level 1. HP: 16/16 MP: 1/1
   459 | D:1      | Gained mutation: You are partially covered in rugged brown scales (AC +1, +3% HP). [demonic ancestry]
   459 | D:1      | Reached XP level 2. HP: 10/22 MP: 2/2
   875 | D:2      | Reached skill level 3 in Dodging
  1369 | D:2      | Gained mutation: You have sharp toenails. [demonic ancestry]
  1369 | D:2      | Reached XP level 3. HP: 19/27 MP: 3/3
  1954 | D:2      | Noticed Sigmund
  1974 | D:2      | Slain by Sigmund

Vault maps used:
D:1:      minmay_arrival_nine_rooms
D:2:      uniq_sigmund

Action                   || total
-------------------------++-------
Melee: Trident           ||   119
  Eat: Pizza             ||     1
       Bread ration      ||     1
